 Dungeon Crawl Stone Soup version 0.19-a0-1903-gead39cf (webtiles) character file.

38 Esekla the Sneak (level 3, -2/26 HPs)
             Began as an Octopode Enchanter on Oct 21, 2016.
             Slain by westexas's ghost (11 damage)
             ... on level 3 of the Dungeon.
             The game lasted 00:10:12 (1316 turns).

Esekla the Sneak (Octopode Enchanter)               Turns: 1316, Time: 00:10:12

Health: -2/26      AC:  1    Str:  7    XL:     3   Next: 43%
Magic:  6/6        EV: 13    Int: 18    God:
Gold:   99         SH:  0    Dex: 12    Spells: 2 memorised, 2 levels left

rFire  . . .     SeeInvis .     a - +1 dagger
rCold  . . .     Gourm    .     (no shield)
rNeg   . . .     Faith    .     (helmet restricted)
rPois  .         Spirit   .     (no amulet)
rElec  .         Reflect  .     (no ring)
rCorr  .         Harm     .     (no ring)
MR     .....                    (no ring)
Stlth  +++.......               (no ring)
                                (no ring)
                                (no ring)
                                (no ring)
                                (no ring)

@: no status effects
A: almost no armour, stealthy swim, amphibious, 8 rings, constrict 8, camouflage
1, gelatinous body 1
a: no special abilities


You were on level 3 of the Dungeon.
You were not hungry.

You visited 1 branch of the dungeon, and saw 3 of its levels.

You collected 99 gold pieces.

Inventory:

Hand Weapons
 a - a +1 dagger (weapon)
 d - a +0 short sword
 f - a +0 dagger
 g - a +0 short sword
 i - a +0 dagger
 r - a cursed -2 dagger
Missiles
 e - 60 stones (quivered)
 h - 11 javelins
Scrolls
 j - a scroll of immolation {unknown}
 l - a scroll of enchant armour {unknown}
 n - 2 scrolls of identify {unknown}
 o - a scroll of teleportation {unknown}
 p - 3 scrolls of remove curse {unknown}
Potions
 k - a potion of curing {unknown}
 m - a potion of haste {unknown}
 q - a potion of degeneration {unknown}
Books
 b - a book of Maledictions

   Spells                             Type                      Level
   a - Corona                         Hexes                        1
   b - Ensorcelled Hibernation        Hexes/Ice                    2
   c - Confuse                        Hexes                        3
   d - Tukima's Dance                 Hexes                        3
   e - Dazzling Spray                 Conjuration/Hexes            3
Comestibles
 c - 2 bread rations


   Skills:
 - Level 3.0 Fighting
 - Level 1.0 Short Blades
 - Level 2.0 Dodging
 - Level 4.0 Stealth
 + Level 2.0 Spellcasting
 + Level 3.0 Hexes


You had 2 spell levels left.
You knew the following spells:

 Your Spells              Type           Power        Failure   Level  Hunger
a - Corona                Hex            ##.....      6%          1    #......
b - Tukima's Dance        Hex            ##......     17%         3    ###....


Dungeon Overview and Level Annotations

Branches:
Dungeon (3/15)

Altars:
Okawaru

Annotations:
D:2 Sigmund
D:3 westexas's ghost, weakling MiHu


Innate Abilities, Weirdness & Mutations

You cannot wear most types of armour.
You are very stealthy in the water. (Stealth+)
You are amphibious.
You can wear up to eight rings at the same time.
You can use your tentacles to constrict eight enemies at once.
Your skin changes colour to match your surroundings (Stealth+).
Your rubbery body absorbs attacks. (AC +1, EV +1)


Message History

Westexas's ghost is outlined in light.
You hit westexas's ghost but do no damage.
Westexas's ghost misses you.
You hit westexas's ghost but do no damage.
Your squeeze misses westexas's ghost. Westexas's ghost barely misses you.
You completely miss westexas's ghost. Westexas's ghost closely misses you.
You hit westexas's ghost but do no damage.
Your squeeze misses westexas's ghost. Westexas's ghost hits you.
You completely miss westexas's ghost. Westexas's ghost hits you!
Ouch! That really hurt!
Westexas's ghost stops glowing.
Found a mace.
Found 14 gold pieces and a mace.
The kobold throws a stone.
The stone hits you but does no damage.
You see here a stone.
There is an open door here.
Westexas's ghost laughs crazily.
There is a stone staircase leading down here.
Westexas's ghost hits you!
You die...

#.### #######.# #.# #.# ##'##
#.# #.# ##...## #.# #.###
##.....## ####[## #.#.##
##..>....## #...#.##
####....####.........###......#
...........'.........'........#
####.(..####.........####...#.#
#.#.## ##...@..### #######
#.### ##..W..# ##.## ##...##
#...# ##K####♣♣ #.#.# #(#..).♣♣
#...# ####......P♣ ###K#
#..$...).P.. #.# #.#...#..P.♣
#.#######......##♣♣♣


You could see westexas's ghost and a kobold.

Vanquished Creatures
  An ooze (D:1)
  2 dart slugs (D:1)
  An orc (D:3)
  2 giant cockroaches
  3 goblins
  2 hobgoblins (D:1)
  3 jackals (D:1)
  7 bats
  A frilled lizard (D:1)
  2 kobolds (D:1)
  2 rats (D:1)
26 creatures vanquished.

Notes
Turn   | Place    | Note
-------+----------+-------------------------------------------
     0 | D:1      | Esekla the Octopode Enchanter began the quest for the Orb.
     0 | D:1      | Reached XP level 1. HP: 11/11 MP: 3/3
   103 | D:1      | Reached skill level 1 in Fighting
   343 | D:1      | Reached XP level 2. HP: 18/18 MP: 5/5
   790 | D:1      | Reached XP level 3. HP: 18/25 MP: 6/6
   866 | D:2      | Noticed Sigmund
  1063 | D:3      | Noticed westexas's ghost (weakling MiHu)
  1182 | D:3      | Found an iron altar of Okawaru.
  1219 | D:3      | Learned a level 3 spell: Tukima's Dance
  1316 | D:3      | Slain by westexas's ghost

Vault maps used:
D:1:      dpeg_arrival_leaves_temple_mockup
D:2:      zin_academy, grunt_gozag_breadcrumbs, first_bread,
          minmay_pentomino_x2, uniq_sigmund
D:3:      overflow_temple_1_default, kennysheep_nondescript,
          uniq_crazy_yiuf_cottage

Skill      XL: |  1  2  3 |
---------------+----------+-----
Fighting       | 1 2 3 |  3.0
Short Blades   | |  1.0
Dodging        | |  2.0
Stealth        | |  4.0
Spellcasting   | |  2.0
Hexes          | |  3.0

Action                   || total
-------------------------++-------
Melee: Dagger            ||    65
       Constrict         ||    13
       Tentacles         ||    10
 Cast: Corona            ||     2
 Stab: Sleeping          ||    11
  Eat: Fruit             ||     3
Armor: Skin              ||     9
Dodge: Dodged            ||    31
